 Dungeon Crawl Stone Soup version 0.30-a0-778-g2ef04afb54 (webtiles) character file.

Game seed: 17780183655276159165

388 Zonian the Sneak (level 6, 0/32 HPs)
             Began as a Vine Stalker Brigand on Feb 17, 2023.
             Was a Follower of Uskayaw.
             Slain by a kobold brigand
             ... wielding a +0 short sword
              (4 damage)
             ... in a sewer.
             The game lasted 00:08:27 (4237 turns).

Zonian the Sneak (Vine Stalker Brigand)             Turns: 4237, Time: 00:08:28

Health: 0/32       AC:  5    Str: 13    XL:     6   Next: 79%
Magic:  0/7        EV: 13    Int: 14    God:    Uskayaw [*.....]
Gold:   271        SH:  0    Dex: 18    Spells: 5/5 levels left

rFire   . . .      SeeInvis .    l - +4 short sword (vamp)
rCold   + . .      Faith    .    (no shield)
rNeg    . . .      Spirit   +    b - +0 robe
rPois   .          Reflect  .    h - +1 helmet {Int+3}
rElec   .          Harm     .    c - +0 cloak
rCorr   .          Rampage  .    (no gloves)
Will    .....                    (no boots)
Stlth   +++                      (no amulet)
HPRegen 1.05/turn                r - ring of protection from cold
MPRegen 0.10/turn                (no ring)

@: lethally poisoned (0 -> -1), slowed, very slow
A: fangs 2, regeneration 1, magic shield, antimagic bite, no potion heal 2
a: Renounce Religion, Stomp


You were in a sewer.
You worshipped Uskayaw.
Uskayaw was noncommittal.
You visited 2 branches of the dungeon, and saw 5 of its levels.
You also visited: Sewer.

You collected 271 gold pieces.

Inventory:

Hand Weapons
 a - a +2 dagger
 l - a +4 vampiric short sword (weapon)
 p - a +4 spectral club
 x - a +6 club
Missiles
 d - 22 poisoned darts (quivered)
 e - 3 curare-tipped darts
Armour
 b - a +0 robe (worn)
 c - a +0 cloak (worn)
 h - a +1 helmet of intelligence (worn)
 k - a +1 kite shield of fire resistance
 w - a +0 helmet
Jewellery
 r - a ring of protection from cold (left hand)
Wands
 s - a wand of paralysis (1)
 t - a wand of mindburst (8)
Scrolls
 g - 2 scrolls of immolation
 j - a scroll of teleportation
 n - a scroll of magic mapping
 B - a scroll of butterflies {unknown}
Potions
 f - 3 potions of attraction
 i - 7 potions of curing
 m - 2 potions of mutation
 o - a potion of brilliance
 q - 4 potions of heal wounds
 u - a potion of might {unknown}
 v - a potion of cancellation
 z - 2 potions of flight
 A - a potion of resistance {unknown}
 C - a potion of magic {unknown}
 D - a potion of haste {unknown}
 E - 2 potions of invisibility {unknown}


   Skills:
 + Level 3.2 Fighting
 + Level 3.1 Short Blades
 + Level 3.1 Throwing
 + Level 2.4 Dodging
 + Level 6.2 Stealth


You had 5 spell levels left.
You didn't know any spells.
Your spell library contained the following spells:

 Spells                   Type           Power      Damage    Failure   Level
 Necrotise                Necr           0%         1d4       28%         1
 Vampiric Draining        Necr           0%         2d6       65%         3
 Agony                    Necr           0%         N/A       100%        5


Dungeon Overview and Level Annotations

Branches:
Dungeon (4/15)             Temple (1/1) D:4           Sewer (1/1)

Altars:
Ashenzari
Cheibriados
Hepliaklqana
Makhleb
Nemelex Xobeh
Okawaru
Ru
Uskayaw
Vehumet
Zin
The Shining One

Shops:
D:1 (


Innate Abilities, Weirdness & Mutations

You have extremely sharp teeth.
Your natural rate of healing is unusually fast.
When hurt, damage is shared between your health and your magic reserves.
Your bite disrupts and absorbs the magic of your enemies.
Potions cannot restore your health.


Message History

The kobold is wielding a +0 whip of electrocution.
The kobold brigand is wielding a +0 short sword and quivering curare-tipped darts.
Found a scroll labelled KAYKANN TAECW and a scroll of teleportation.
The kobold shouts!
The kobold brigand shouts!
The kobold shouts!
The kobold brigand shouts!
The kobold hits you but does no damage.
You are electrocuted!
There is a large open door here.
The kobold shouts!
You hit the kobold.
You kill the kobold!
The kobold brigand throws a curare-tipped dart.
The curare-tipped dart hits you.
You are poisoned.
You have difficulty breathing.
You feel yourself slow down.
The kobold hits you with a +0 whip of electrocution.
You hit the kobold brigand but do no damage.
You feel very sick.
The kobold hits you with a +0 whip of electrocution.
The kobold brigand misses you.
The kobold hits you with a +0 short sword.
You are too injured to fight recklessly!
You are too injured to fight recklessly!
You are too injured to fight recklessly!
You hit the kobold brigand.
You feel better.
The kobold brigand is lightly wounded.
You feel sick.
The kobold brigand closely misses you. x2
The kobold hits you with a +0 whip of electrocution.
The kobold hits you with a +0 short sword.
* * * LOW HITPOINT WARNING * * *
You barely miss the kobold brigand. Your bite misses the kobold brigand.
The kobold brigand is lightly wounded.
You feel sick.
The kobold brigand hits you with a +0 club.
* * * LOW HITPOINT WARNING * * *
The kobold hits you with a +0 whip of electrocution.
* * * LOW HITPOINT WARNING * * *
The kobold hits you but does no damage.
The kobold brigand hits you but does no damage.
The kobold completely misses you.
The kobold brigand hits you with a +0 short sword.
You die...

#.....~~~#~≈~#P~..##
##....~~P#~≈~#....##
#......~#~~~#...†.#
#......~#~≈~#.....#
#.......#~≈~#~~~..#
##.P.~.~#~≈~#~~...#
#...~~~#~≈~#~~~..#
###..~~#~≈~~~~~..#
##''##~~~##K@###
#....#~≈~#.KKK#
#....### #...?#
#..∩.# #!∩..# #)...#
#...?# ###### ######


You could see 2 kobold brigands and 2 kobolds.

Vanquished Creatures
  Pargi (D:3)
  A kobold brigand (Sewer)
  An orc priest (D:3)
  Jessica (D:3)
  Ijyb (D:3)
  4 adders (D:2)
  3 worms (D:2)
  A dart slug (D:2)
  5 orcs (D:3)
  7 ball pythons
  9 bats
  12 endoplasms
  5 giant cockroaches
  8 goblins
  4 hobgoblins
  A quokka (D:1)
  6 frilled lizards
  9 kobolds
  8 rats
87 creatures vanquished.

Notes
Turn   | Place    | Note
-------+----------+-------------------------------------------
     0 | D:1      | Zonian the Vine Stalker Brigand began the quest for the
                  | Orb.
     0 | D:1      | Reached XP level 1. HP: 11/11 MP: 2/2
    48 | D:1      | Reached skill level 1 in Dodging
    48 | D:1      | Reached XP level 2. HP: 3/15 MP: 0/3
   329 | D:1      | Reached skill level 5 in Stealth
   423 | D:1      | Found a faded altar of an unknown god.
   976 | D:1      | Reached XP level 3. HP: 17/18 MP: 4/4
  1107 | D:1      | Found Kiliuruso's Weapon Boutique.
  1693 | D:2      | Gained mutation: Your natural rate of healing is unusually
                  | fast. [Vine Stalker growth]
  1693 | D:2      | Reached XP level 4. HP: 23/23 MP: 5/5
  2566 | D:3      | Noticed Ijyb
  2647 | D:3      | Identified a scroll of acquirement
  2647 | D:3      | Acquired a +1 kite shield of fire resistance
  2687 | D:3      | Noticed Pargi
  2699 | D:3      | Killed Pargi
  2700 | D:3      | Reached XP level 5. HP: 26/28 MP: 4/6
  2745 | D:3      | Reached XP level 6. HP: 21/32 MP: 3/7
  2964 | D:3      | Noticed Jessica
  2972 | D:3      | Killed Jessica
  2973 | D:3      | Reached skill level 6 in Stealth
  3250 | D:3      | Killed Ijyb
  3698 | D:4      | Found a staircase to the Ecumenical Temple.
  3757 | Temple   | Entered the Ecumenical Temple
  3765 | Temple   | Became a worshipper of Uskayaw the Reveller
  3873 | D:4      | Reached * piety under Uskayaw
  3877 | D:4      | Found a glowing drain.
  3883 | Sewer    | Entered a sewer
  3905 | Sewer    | Reached ** piety under Uskayaw
  3908 | Sewer    | Reached *** piety under Uskayaw
  4237 | Sewer    | Slain by a kobold brigand

Illustrated notes

Levels and vault maps discovered:
D:1:      enne_arrival_octagon_isle, layout_rooms, serial_shops,
          nicolae_shop_bloodbath_and_beyond,
          shapermc_ecumenical_altar_notcrosses, roderic_st_hans_cross
D:2:      layout_rooms, minmay_fractal_squares_gapless_5
D:3:      layout_basic, uniq_jessica, uniq_ijyb, uniq_pargi
D:4:      layout_loops_corners, minmay_temple_entry_gardened_gates,
          serial_shops, shop_fountains, portal_sewer_entry_e,
          uniq_crazy_yiuf_cottage
Temple:   nicolae_temple_two_arcs
Sewer:    kennysheep_pipe_town

Skill      XL: |  1  2  3  4  5  6 |
---------------+-------------------+-----
Dodging        | 1 2 |  2.4
Short Blades   | 2 3 |  3.1
Stealth        | 5 6 |  6.2
Throwing       | 2 3 |  3.1
Fighting       | 2 3 |  3.2

Action                     |  1- 3 |  4- 6 || total
---------------------------+-------+-------++-------
  Melee: Dagger            |    56 |       ||    56
         Bite              |    18 |    33 ||    51
         Short sword       |    27 |   145 ||   172
         Punch             |     1 |     2 ||     3
  Throw: Dart              |       |     5 ||     5
  Evoke: Wand              |       |     1 ||     1
    Use: Scroll            |       |    16 ||    16
   Stab: Sleeping          |    13 |     8 ||    21
         Distracted        |       |     1 ||     1
         Paralysed         |       |     1 ||     1
 Armour: Robe              |    15 |    28 ||    43
  Dodge: Dodged            |    47 |    81 ||   128

Table legend: (Time is in decaauts)
 A = Elapsed time spent in this place.
 B = Non-inter-level travel time spent in this place.
 C = Inter-level travel time spent in this place.
 D = Time resting spent in this place.
 E = Time spent auto-exploring this place.
 F = Levels seen in this place.
 G = Mean time per level.
                   A        B        C        D        E       F      G
               +--------+--------+--------+--------+--------+-----+--------+
         Total |   4229 |   4166 |     63 |   1556 |   1769 |   6 |  704.8 |
       Dungeon |   3847 |   3792 |     55 |   1356 |   1748 |   4 |  961.8 |
        Temple |     16 |      8 |      8 |      0 |      0 |   1 |   16.0 |
         Sewer |    365 |    365 |      0 |    200 |     21 |   1 |  365.0 |
               +--------+--------+--------+--------+--------+-----+--------+

Top non-repeatable levels by time:
     D:1: 1242 daAuts
     D:3: 1194 daAuts
     D:2: 1137 daAuts
   Sewer: 365 daAuts
     D:4: 272 daAuts
  Temple: 16 daAuts
